 Dungeon Sprint DCSS version 0.30-a0-728-gc68057be0a (webtiles) character file.

Game seed: 1192755405502142784

710 valliere the Spear-Bearer (level 7, 25/46 HPs)
             Began as a Merfolk Ice Elementalist on Jan 30, 2023.
             Quit the game in the Dungeon (Sprint V: "Ziggurat Sprint").
             The game lasted 00:05:41 (231 turns).

valliere the Spear-Bearer (Merfolk Ice Elementalist) Turns: 231, Time: 00:05:41

Health: 25/46      AC: 22    Str: 23    XL:     7   Next: 68%
Magic:  5/15       EV:  0    Int: 14    God:
Gold:   0          SH: 28    Dex: 14    Spells: 16/17 levels left

rFire   + + .      SeeInvis .    B - +8 lance "Wyrmbane" {slay drac, rPois rF+ rC+ AC+3}
rCold   + + .      Faith    .    A - +18 shield of the Gong {Loud rElec rN+ Will+ EV-5}
rNeg    + . .      Spirit   .    H - +5 gold dragon scales
rPois   +          Reflect  .    (no helmet)
rElec   +          Harm     .    (no cloak)
rCorr   .          Rampage  .    (no gloves)
Will    +....      NoTele   +    (no boots) Stlth
                                 (no amulet)
HPRegen 0.27/turn                v - +6 ring of strength
MPRegen 0.14/turn                w - +6 ring of strength

@: no status effects
A: (nimble swimmer 2), mertail
a: no special abilities


You were in the Dungeon.
You visited 1 branch

Inventory:

Hand Weapons
 z - the +6 Majin-Bo {spellvamp, MP+6 Int+6}
   (You found it in the Dungeon)

   Int:       It affects your intelligence (+6).
   MP:        It affects your magic capacity (+6).
 B - the +8 lance "Wyrmbane" (weapon) {slay drac, rPois rF+ rC+ AC+3}
   (You found it in the Dungeon)

   AC:        It affects your AC (+3).
   rF:        It protects you from fire.
   rC:        It protects you from cold.
   rPois:     It protects you from poison.
 C - the +13 scythe of Curses {drain, curses, Drain}
   (You found it in the Dungeon)

   Drain:     It drains your maximum health when unequipped.
 E - a +5 demon trident
Armour
 a - a +0 robe
 A - the +18 shield of the Gong (worn) {Loud rElec rN+ Will+ EV-5}
   (You found it in the Dungeon)

   Loud:      It is deafeningly noisy when blocking attacks.
   EV:        It affects your evasion (-5).
   rElec:     It insulates you from electricity.
   rN:        It protects you from negative energy.
   Will:      It increases your willpower.
 F - a +5 crystal plate armour
 G - a +5 plate armour
 H - +5 gold dragon scales (worn)
Jewellery
 q - a ring of flight
 r - a +6 ring of dexterity
 s - a +6 ring of dexterity
 t - a +6 ring of intelligence
 u - a +6 ring of intelligence
 v - a +6 ring of strength (left hand)
 w - a +6 ring of strength (right hand)
Wands
 x - a wand of mindburst (7)
 y - a wand of light (7)
Scrolls
 g - 4 scrolls of blinking
 m - 4 scrolls of amnesia
 n - 7 scrolls of fog
 o - 5 scrolls of identify
 p - 2 scrolls of fear
Potions
 b - 8 potions of magic
 c - 10 potions of curing
 d - 10 potions of heal wounds
 e - 6 potions of haste
 f - 3 potions of berserk rage
 h - 2 potions of brilliance
 i - 2 potions of invisibility
 j - 4 potions of resistance
 k - a potion of experience
 l - 5 potions of might
Miscellaneous
 D - a lightning rod (4/4)


   Skills:
 * Level 11.4 Polearms
 + Level 4.5 Armour
 + Level 8.4 Dodging
 - Level 2.1 Stealth
 + Level 5.9 Shields
 + Level 5.9 Spellcasting
 + Level 8.0 Ice Magic


You had 16 spell levels left.
You knew the following spells:

 Your Spells              Type           Power      Damage    Failure   Level
a - Freeze                Ice            100%       1d10      88%         1

Your spell library contained the following spells:

 Spells                   Type           Power      Damage    Failure   Level
 Frozen Ramparts          Ice            52%        1d8       99%         3
 Ozocubu's Armour         Ice            26%        N/A       99%         3
 Summon Ice Beast         Ice/Summ       15%        N/A       100%        4


Dungeon Overview and Level Annotations

Branches:
Dungeon (1/1)

Altars:
Ashenzari
Cheibriados
Dithmenos
Elyvilon
Fedhas
Gozag
Hepliaklqana
Kikubaaqudgha
Makhleb
Nemelex Xobeh
Okawaru
Qazlal
Ru
Sif Muna
Trog
Uskayaw
Vehumet
Wu Jian
Xom
Yredelemnul
Zin
The Shining One
Jiyva
Lugonu

Annotations:
D 1 transporter


Innate Abilities, Weirdness & Mutations

((You are very nimble when in or above water. (Stealth+, EV+, Speed+++)))
Your lower body shifts to a powerful aquatic tail in water.


Message History

The toenail golem is moderately damaged.
The toenail golem hits you but does no damage.
You hit the toenail golem.
The toenail golem is moderately damaged.
You block the toenail golem's attack.
PANG!
You puncture the toenail golem!
The toenail golem is heavily damaged.
You block the toenail golem's attack.
BOUMMMMG!
You puncture the toenail golem!
The toenail golem is severely damaged.
You hit the toenail golem.
The toenail golem is severely damaged.
You block the toenail golem's attack.
SHROANNG!
You barely miss the toenail golem.
The toenail golem is severely damaged.
You block the toenail golem's attack.
PTOANNNG!
You puncture the toenail golem!
The toenail golem is severely damaged.
You block the toenail golem's attack.
GONNNNG!
You puncture the toenail golem!
The toenail golem is almost destroyed.
You hit the toenail golem.
The toenail golem is almost destroyed.
You block the toenail golem's attack.
BOUMMMMG!
You puncture the toenail golem!
You destroy the toenail golem!
Your Polearms skill gained 2 levels and is now at level 11!
Your Armour skill increases to level 4!
Your Dodging skill increases to level 8!
Your Shields skill increases to level 5!
Your Ice Magic skill increases to level 8!
You have reached level 7!
Unknown command.
Are you sure you want to abandon this character and quit the game? (Confirm with "yes".)

▓▓▓▓▓▓▓
▓.8©8.▓
▓.....▓
▓.).).▓
▓.....▓
▓.....▓
▓..@..▓
▓▓▓▓▓▓▓


There were no monsters in sight!

Vanquished Creatures
  2 toenail golems (D)
2 creatures vanquished.

Notes
Turn   | Place    | Note
-------+----------+-------------------------------------------
     0 | D        | valliere the Merfolk Ice Elementalist began the quest for
                  | the Orb.
     0 | D        | Reached XP level 1. HP: 13/13 MP: 3/3
     0 | D        | Found a shimmering blue altar of Sif Muna.
     0 | D        | Found a sacrificial altar of Ru.
     0 | D        | Found a bloodstained altar of Trog.
     0 | D        | Found a stormy altar of Qazlal.
     0 | D        | Found an iron altar of Okawaru.
     0 | D        | Found a sparkling altar of Nemelex Xobeh.
     0 | D        | Found a blossoming altar of Fedhas.
     0 | D        | Found the +6 Majin-Bo {spellvamp, MP+6 Int+6}
     0 | D        | Found the +27 heavy crossbow "Sniper" {heavy, Acc+∞ SInv}
     0 | D        | Found the +10 dark maul {heavy}
     0 | D        | Found the +15 Maxwell's patent armour {-Cast -Tele rElec
                  | Will+ rCorr}
     0 | D        | Found the +18 shield of the Gong {Loud rElec rN+ Will+
                  | EV-5}
     0 | D        | Found the +16 obsidian axe {drain, demonic, Mesm Drain Fly
                  | SInv}
     0 | D        | Found the +7 great mace "Firestarter" {flame, inner flame,
                  | rFlCloud rF++}
     0 | D        | Found the +6 shillelagh "Devastator" {shatter}
     0 | D        | Found the +11 plutonium sword {Contam Stlth-}
     0 | D        | Found the +8 lance "Wyrmbane" {slay drac, rPois rF+ rC+
                  | AC+3}
     0 | D        | Found the +9 sword of Zonguldrok {reap}
     0 | D        | Found the +13 scythe of Curses {drain, curses, Drain}
     0 | D        | Found the +9 sword of Power {lifebolt}
     0 | D        | Found the +7 mace of Variability {chaos, chain chaos}
     0 | D        | Found the +11 Singing Sword {sonic wave}
     0 | D        | Found the +8 storm bow {elec, penet}
     2 | D        | Found a transporter.
     2 | D        | Found an ancient bone altar of Kikubaaqudgha.
     2 | D        | Found a viscous altar of Jiyva.
     2 | D        | Found a corrupted altar of Lugonu.
     2 | D        | Found a hazy altar of Hepliaklqana.
     2 | D        | Found a burning altar of Makhleb.
     2 | D        | Found an opulent altar of Gozag.
   197 | D        | Entered arena 2.
   197 | D        | Noticed a toenail golem
   197 | D        | Noticed a toenail golem
   197 | D        | Found a transporter.
   215 | D        | Killed a toenail golem
   216 | D        | Reached skill level 9 in Polearms
   216 | D        | Reached skill level 5 in Spellcasting
   216 | D        | Reached XP level 2. HP: 9/19 MP: 4/8
   216 | D        | Reached XP level 3. HP: 11/24 MP: 4/9
   216 | D        | Reached XP level 4. HP: 14/30 MP: 4/11
   216 | D        | Reached XP level 5. HP: 17/35 MP: 4/12
   216 | D        | Reached XP level 6. HP: 20/41 MP: 4/13
   230 | D        | Killed a toenail golem
   231 | D        | Reached skill level 11 in Polearms
   231 | D        | Reached skill level 5 in Shields
   231 | D        | Reached XP level 7. HP: 25/46 MP: 5/15
   231 | D        | Quit the game

Illustrated notes

Levels and vault maps discovered:
D:        sprint_v [room_start, room_1, room_2, room_3, room_4, room_5, room_6,
          room_7, room_8, room_9, room_10, room_11, room_12, room_13, room_14,
          room_15, room_16, room_17, room_18, room_19, room_20, room_21,
          room_22, room_23, room_24, room_25, room_26, room_27]

Skill      XL: |  1  2  3  4  5  6 |
---------------+-------------------+-----
Polearms       | 9 11 | 11.4
Armour         | 3 4 |  4.5
Dodging        | 7 8 |  8.4
Shields        | 4 5 |  5.9
Spellcasting   | 5 |  5.9
Ice Magic      | 7 8 |  8.0
Stealth        | |  2.1

Action                     |  1- 3 |  4- 6 |  7- 9 || total
---------------------------+-------+-------+-------++-------
  Melee: Lance             |    18 |    15 |       ||    33
 Armour: Gold dragon scale |    11 |     2 |       ||    13
  Dodge: Dodged            |     1 |       |       ||     1
  Block: Kite shield       |    27 |     9 |       ||    36

Table legend: (Time is in decaauts)
 A = Elapsed time spent in this place.
 B = Non-inter-level travel time spent in this place.
 C = Inter-level travel time spent in this place.
 D = Time resting spent in this place.
 E = Time spent auto-exploring this place.
 F = Levels seen in this place.
 G = Mean time per level.
                   A        B        C        D        E       F      G
               +--------+--------+--------+--------+--------+-----+--------+
         Total |    231 |    231 |      0 |      0 |     18 |   1 |  231.0 |
       Dungeon |    231 |    231 |      0 |      0 |     18 |   1 |  231.0 |
               +--------+--------+--------+--------+--------+-----+--------+

Top non-repeatable levels by time:
       D: 231 daAuts
